 Dungeon Crawl Stone Soup version 0.24-a0-781-g048a31f (webtiles) character file.

Game seed: 3345549278539391437, levelgen mode: deterministic

35706 scarywalker64 the Slinger (level 13, -5/160 HPs)
             Began as a Demigod Hunter on Oct 8, 2019.
             Killed from afar by Josephine (20 damage)
             ... with a ghostly fireball
             ... on level 4 of the Lair of Beasts.
             The game lasted 00:53:47 (21383 turns).

scarywalker64 the Slinger (Demigod Hunter)         Turns: 21383, Time: 00:53:48

Health: -5/160     AC: 10    Str: 32    XL:     13   Next: 18%
Magic:  0/34       EV: 13    Int: 20    God:
Gold:   1141       SH:  5    Dex: 16    Spells: 4/23 levels left

rFire    + + +     SeeInvis .   o - +6 war axe of Waneihur {chop, *Corrode rF++ Str+2 Int+3}
rCold    x . .     Gourm    .   U - +1 buckler
rNeg     . . .     Faith    .   r - +1 leather armour {MR+}
rPois    .         Spirit   +   y - +0 helmet
rElec    .         Reflect  .   I - +2 cloak
rCorr    .         Harm     .   R - +0 pair of gloves of the Exiled Suns {rF+++ rC- MR++ Str+4}
MR       ++++.                  (no boots)
Stlth    ..........             Q - amulet of guardian spirit
HPRegen  0.36/turn              s - +5 ring of protection
MPRegen  0.24/turn              V - ring "Ethil" {+Blink rF+ MP+9}

@: berserking, corroded, very heavily drained, very quick
A: high mp 1
a: Evoke Blink


You were on level 4 of the Lair of Beasts.
You were not hungry.

You visited 4 branches of the dungeon, and saw 18 of its levels.
You also visited: Ossuary and Ice Cave.

You collected 1141 gold pieces.

Inventory:

Hand Weapons
 a - a +2 hunting sling
 o - the +6 war axe of Waneihur (weapon) {chop, *Corrode rF++ Str+2 Int+3}
   (You found it on level 4 of the Dungeon)

   It inflicts extra damage upon your enemies.
   It affects your strength (+2).
   It affects your intelligence (+3).
   It greatly protects you from fire.
   It may corrode you when you take damage.
 O - a +1 scimitar of flaming
Missiles
 d - 82 sling bullets
 g - 393 stones (quivered)
 n - 62 poisoned darts
 p - 309 arrows
 Z - 5 curare-tipped darts
Armour
 r - a +1 leather armour of magic resistance (worn)
 x - a +0 large shield
 y - a +0 helmet (worn)
 I - a +2 cloak (worn)
 R - the +0 pair of gloves of the Exiled Suns (worn) {rF+++ rC- MR++ Str+4}
   (You found it on level 6 of the Dungeon)

   It affects your strength (+4).
   It renders you almost immune to fire.
   It makes you vulnerable to cold.
   It affects your resistance to hostile enchantments.
 S - the +1 leather armour of the Moon {rC- MR+++ Int-5 Dex+3}
   (You found it on level 9 of the Dungeon)

   It affects your intelligence (-5).
   It affects your dexterity (+3).
   It makes you vulnerable to cold.
   It affects your resistance to hostile enchantments.
 U - a +1 buckler (worn)
Jewellery
 h - an uncursed ring of resist corrosion
 s - a +5 ring of protection (left hand)
 J - an uncursed ring of see invisible
 P - an uncursed ring of protection from magic
 Q - an amulet of guardian spirit (around neck)
 V - the ring "Ethil" (right hand) {+Blink rF+ MP+9}
   (You found it on level 7 of the Dungeon)

   [ring of magical power]

   It protects you from fire.
   It affects your magic capacity (+9).
   It lets you blink.
Wands
 e - a wand of acid (15)
 q - a wand of iceblast (38)
 v - a wand of random effects (36)
 D - a wand of disintegration (13)
 T - a wand of flame (15)
Scrolls
 k - a scroll of amnesia
 l - 11 scrolls of teleportation
 A - a scroll of identify
 E - a scroll of magic mapping
 F - 4 scrolls of fog
 G - 2 scrolls of blinking
 H - 3 scrolls of fear
 L - 3 scrolls of remove curse
 W - 3 scrolls of enchant weapon
 X - a scroll of enchant armour
Potions
 b - 2 potions of curing
 c - 5 potions of brilliance
 i - 4 potions of agility
 j - 2 potions of resistance
 m - 5 potions of might
 t - a potion of magic {unknown}
 u - 2 potions of berserk rage
 w - a potion of cancellation
 z - 7 potions of haste
 B - 2 potions of heal wounds
 C - 2 potions of ambrosia
 K - 2 potions of mutation
 M - a potion of invisibility {unknown}
 N - 4 potions of flight
Comestibles
 f - 23 rations


   Skills:
 * Level 8.2(4.1) Fighting
 + Level 0.5(0.0) Long Blades
 + Level 9.7(5.5) Axes
 * Level 9.9(5.7) Slings
 + Level 3.2(0.0) Armour
 * Level 7.1(3.1) Dodging
 - Level 2.0(0.0) Stealth
 * Level 4.6(0.9) Shields
 * Level 5.8(2.0) Spellcasting
 - Level 2.0(0.0) Hexes
 - Level 2.0(0.0) Charms
 * Level 4.8(1.1) Summonings
 - Level 4.0(0.4) Necromancy
 - Level 2.1(0.0) Translocations
 * Level 1.9(0.0) Ice Magic
 - Level 4.0(0.3) Air Magic
 - Level 4.0(0.4) Evocations


You had 4 spell levels left.
You knew the following spells:

 Your Spells              Type           Power        Failure   Level  Hunger
a - Confusing Touch       Hex            #.....       26%         1    #......
b - Shroud of Golubria    Chrm/Tloc      #.....       36%         2    ##.....
c - Song of Slaying       Chrm           #.......     36%         2    ##.....
d - Regeneration          Chrm/Necr      #.........   58%         3    ###....
e - Summon Lightning Spi  Summ/Air       #.......     88%         4    #####..
f - Call Canine Familiar  Summ           #.......     45%         3    ###....
g - Summon Ice Beast      Ice/Summ       #.......     91%         4    #####..

Your spell library contained the following spells:

 Spells                   Type           Power        Failure   Level  Hunger
 Summon Small Mammal      Summ           #...         17%         1    #......
 Infusion                 Chrm           #...         26%         1    #......
 Call Imp                 Summ           #.......     26%         2    ##.....
 Summon Guardian Golem    Hex/Summ       #.......     54%         3    ###....
 Confuse                  Hex            #.......     61%         3    ###....
 Gell's Gravitas          Tloc           #.........   61%         3    ###....
 Spectral Weapon          Hex/Chrm       #.......     61%         3    ###....
 Petrify                  Tmut/Erth      #.......     95%         4    #####..
 Metabolic Englaciation   Hex/Ice        #.........   100%        5    ######.
 Yara's Violent Unravell  Hex/Tmut       #.........   100%        5    ######.


Dungeon Overview and Level Annotations

Branches:
Dungeon (11/15)            Temple (0/1) D:5            Lair (5/6) D:11
  Swamp (1/4) Lair:2        Snake (1/4) Lair:4          Orc (0/2) D:11
Ossuary (visited)           IceCv (visited)
  Slime: Lair:5-6

Shops:
D:5 %   D:6 [

Annotations:
Lair:4 Josephine


Innate Abilities, Weirdness & Mutations

You have an increased reservoir of magic. (+10% MP)


Message History

The ghostly fireball engulfs Josephine.
Josephine completely resists.
You hit Josephine but do no damage.
Josephine is almost dead.
Josephine closely misses you.
You feel much better.
Josephine is infused with unholy energy.
* * * LOW HITPOINT WARNING * * *
Josephine draws life force from you and is healed!
A red film seems to cover your vision as you go berserk!
You feel yourself moving faster!
You feel mighty! Josephine casts a spell at you.
The ghostly flame explodes!
The ghostly fireball engulfs you!
You feel drained.
* * * LOW HITPOINT WARNING * * *
The ghostly fireball engulfs Josephine.
Josephine completely resists.
You slash Josephine!
Josephine is almost dead.
Josephine gestures at you while chanting.
The ghostly flame explodes!
The ghostly fireball engulfs you!!
You feel drained.
You die...

####..### ###....##
#..#^.######P#P...P#
##...................
#.......#..######P#P.
#.....#....# #####
#......#...####
##.#....##..#.##
#..#....##..#.#
#P.@......#...##
######...@....####..##
#....##....##.....#..#
##.............P.#...####
#..P................#.#.
##.PP..≈≈≈......##.....#
##....≈≈≈≈P......#....##
#.....≈≈≈≈≈PP...#.#.....
##.....≈≈≈≈≈≈.........##


You could see Josephine.

Vanquished Creatures
  Erica (D:8)
  3 hydras
  12 death yaks
  A two-headed ogre (D:9)
  An unseen horror (D:11)
  A lindwurm (Lair:4)
  4 oklob plants (Lair:2)
  4 black mambas
  An elephant (Lair:2)
  10 spiny frogs
  A gargoyle (D:10)
  A rime drake (Lair:2)
  A komodo dragon (Lair:2)
  A merfolk (D:11)
  2 polar bears
  Grinder (D:6)
  5 hippogriffs
  4 wraiths (Lair:4)
  2 wyverns
  24 yaks
  16 water moccasins
  12 porcupines
  2 ice beasts (D:11)
  10 orc warriors
  2 black bears
  4 sky beasts
  2 necrophages
  3 phantoms
  11 ogres
  8 wolves
  6 centaurs
  8 crocodiles
  A big kobold (D:10)
  13 bullfrogs
  A water moccasin zombie (D:6)
  4 scorpions
  7 killer bees
  3 electric eels (Lair:2)
  A howler monkey (D:8)
  5 crimson imps
  2 bullfrog zombies
  A quasit (D:5)
  3 centaur zombies
  6 hounds
  2 jellies
  A bullfrog skeleton (D:5)
  A centaur skeleton (D:8)
  A human zombie (Ossuary)
  9 orc priests
  14 orc wizards
  Jessica (D:2)
  Natasha (thrice) (D:2)
  Ijyb (D:3)
  6 worker ants
  5 hound zombies
  3 mummies (Ossuary)
  A howler monkey zombie (D:9)
  A worker ant zombie (D:7)
  Robin (D:2)
  2 gnolls
  A howler monkey skeleton (D:7)
  11 adders
  4 shadow imps
  A white imp (IceCv)
  An ooze (D:7)
  An adder skeleton (D:7)
  4 adder zombies (Ossuary)
  8 worms
  2 dart slugs (D:1)
  4 leopard geckos
  62 orcs
  2 bats (D:2)
  A giant cockroach (D:3)
  4 gnoll zombies (Ossuary)
  3 hobgoblins
  13 jackals
  2 quokkas (D:2)
  2 frilled lizards (D:1)
  14 goblins
  2 goblin zombies (Ossuary)
  6 hobgoblin zombies (Ossuary)
  7 jackal zombies
  7 kobolds
  4 kobold zombies (Ossuary)
  A leopard gecko skeleton (D:4)
  3 quokka zombies (Ossuary)
  4 rats
  2 rat zombies (Ossuary)
  3 fungi
  3 plants
445 creatures vanquished.

Vanquished Creatures (others)
  3 white imps (IceCv)
  4 ufetubi (IceCv)
  19 fungi
  16 plants
42 creatures vanquished.

Grand Total: 487 creatures vanquished

Notes
Turn   | Place    | Note
-------+----------+-------------------------------------------
     0 | D:1      | scarywalker64 the Demigod Hunter began the quest for the
                  | Orb.
     0 | D:1      | Reached XP level 1. HP: 17/17 MP: 3/3
   172 | D:1      | Reached XP level 2. HP: 24/24 MP: 4/4
   747 | D:2      | Noticed Jessica
   751 | D:2      | Killed Jessica
   751 | D:2      | Reached XP level 3. HP: 26/29 MP: 5/5
   831 | D:2      | Noticed Robin
   957 | D:2      | Killed Robin
  1049 | D:2      | Found a sparkling altar of Nemelex Xobeh.
  1060 | D:2      | Found a glowing golden altar of the Shining One.
  1320 | D:2      | Noticed Natasha
  1327 | D:2      | Reached XP level 4. HP: 32/36 MP: 7/7
  1334 | D:2      | Killed Natasha
  1811 | D:2      | Noticed Natasha
  1821 | D:2      | Killed Natasha
  1821 | D:2      | Reached skill level 5 in Slings
  1821 | D:2      | Reached XP level 5. HP: 41/41 MP: 9/9
  1862 | D:2      | Noticed Natasha
  1870 | D:2      | Killed Natasha
  1995 | D:3      | Reached skill level 1 in Spellcasting
  2301 | D:3      | Found a burning altar of Makhleb.
  2321 | D:3      | Noticed Ijyb
  2329 | D:3      | Killed Ijyb
  2605 | D:3      | Found an iron altar of Okawaru.
  2806 | D:4      | Noticed an ogre
  2811 | D:4      | Killed an ogre
  2811 | D:4      | Reached XP level 6. HP: 50/50 MP: 10/10
  2844 | D:4      | Learned a level 1 spell: Confusing Touch
  2927 | D:4      | Found a shadowy altar of Dithmenos.
  2997 | D:4      | Got a bloodstained war axe
  3001 | D:4      | Identified the +6 war axe of Waneihur {chop, *Corrode rF++
                  | Str+2 Int+3} (You found it on level 4 of the Dungeon)
  3437 | D:5      | Entered Level 5 of the Dungeon
  3497 | D:5      | Found a staircase to the Ecumenical Temple.
  3560 | D:5      | Found Tauce's Food Emporium.
  3771 | D:5      | Reached skill level 1 in Axes
  3802 | D:5      | Reached XP level 7. HP: 56/56 MP: 12/12
  3843 | D:5      | Reached skill level 1 in Armour
  3843 | D:5      | Reached skill level 1 in Stealth
  3843 | D:5      | Reached skill level 1 in Hexes
  4011 | D:5      | Found a sand-covered staircase.
  4019 | Ossuary  | Entered an ossuary
  4629 | D:5      | Reached XP level 8. HP: 63/63 MP: 14/14
  4870 | D:5      | Found a hazy altar of Hepliaklqana.
  5149 | D:6      | Reached skill level 5 in Axes
  5661 | D:6      | Noticed Grinder
  5665 | D:6      | Paralysed by Grinder for 4 turns
  5675 | D:6      | Killed Grinder
  5675 | D:6      | Reached skill level 1 in Evocations
  5777 | D:6      | Got a pair of fine gloves
  5788 | D:6      | Identified the +0 pair of gloves of the Exiled Suns {rF+++
                  | rC- MR++ Str+4} (You found it on level 6 of the Dungeon)
  5834 | D:6      | Learned a level 2 spell: Shroud of Golubria
  5837 | D:6      | Learned a level 2 spell: Song of Slaying
  5841 | D:6      | Learned a level 3 spell: Regeneration
  5844 | D:6      | Found Litom's Armour Shop.
  5916 | D:6      | Found a shimmering blue altar of Sif Muna.
  6113 | D:6      | Reached XP level 9. HP: 70/70 MP: 16/16
  6171 | D:7      | Found a radiant altar of Vehumet.
  6509 | D:7      | Got a sparkling pewter ring
  6511 | D:7      | Identified the ring "Ethil" {+Blink rF+ MP+9} (You found it
                  | on level 7 of the Dungeon)
  6621 | D:7      | Found a snail-covered altar of Cheibriados.
  6945 | D:7      | Reached skill level 1 in Shields
  7149 | D:8      | Learned a level 4 spell: Summon Lightning Spire
  7153 | D:8      | Learned a level 3 spell: Call Canine Familiar
  7422 | D:8      | Noticed Erica
  7438 | D:8      | Killed Erica
  7438 | D:8      | Reached skill level 5 in Fighting
  7720 | D:9      | Reached XP level 10. HP: 75/80 MP: 19/19
  7830 | D:9      | Reached skill level 1 in Charms
  7857 | D:9      | Noticed a two-headed ogre
  7873 | D:9      | Killed a two-headed ogre
  7873 | D:9      | Reached skill level 5 in Dodging
  7873 | D:9      | Reached skill level 1 in Summonings
  7873 | D:9      | Reached skill level 1 in Necromancy
  7873 | D:9      | Reached skill level 1 in Translocations
  7873 | D:9      | Reached skill level 1 in Air Magic
  8155 | D:9      | Got a faintly glowing leather armour
  8166 | D:9      | Identified the +1 leather armour of the Moon {rC- MR+++
                  | Int-5 Dex+3} (You found it on level 9 of the Dungeon)
  8660 | D:10     | Entered Level 10 of the Dungeon
 10340 | D:11     | Found a staircase to the Lair.
 10437 | D:11     | Noticed an unseen horror
 10451 | D:11     | Killed an unseen horror
 10451 | D:11     | Reached XP level 11. HP: 81/88 MP: 19/21
 10707 | D:11     | Found a staircase to the Orcish Mines.
 10889 | Lair:1   | Entered Level 1 of the Lair of Beasts
 10981 | Lair:1   | Found a frozen archway.
 11360 | IceCv    | Entered an ice cave
 12680 | Lair:2   | Noticed a five-headed hydra
 13287 | Lair:2   | Killed a one-headed hydra
 13731 | Lair:2   | Got a scorched leather armour
 13743 | Lair:2   | Identified the cursed +0 leather armour "Igied" {Str+3}
                  | (You found it on level 2 of the Lair of Beasts)
 13758 | Lair:2   | Noticed a catoblepas
 15062 | Lair:2   | Found a staircase to the Swamp.
 15433 | Swamp:1  | Entered Level 1 of the Swamp
 15433 | Swamp:1  | Noticed an alligator
 15598 | Lair:2   | Reached XP level 12. HP: 45/97 MP: 11/23
 16175 | Lair:3   | Reached skill level 5 in Spellcasting
 16274 | Lair:3   | Noticed a five-headed hydra
 16288 | Lair:3   | Killed a one-headed hydra
 17812 | Lair:3   | Learned a level 4 spell: Summon Ice Beast
 19120 | Lair:3   | Reached skill level 1 in Ice Magic
 19249 | Lair:4   | Found a staircase to the Snake Pit.
 19792 | Lair:4   | Reached XP level 13. HP: 77/107 MP: 25/25
 20917 | Snake:1  | Entered Level 1 of the Snake Pit
 21350 | Lair:5   | Noticed Josephine
 21383 | Lair:4   | Killed from afar by Josephine

Levels and vault maps discovered:
D:1:      dpeg_arrival_simpleton_a, layout_basic
D:2:      layout_rooms, lemuel_doored_altar, nemelex_xobeh_ov_fountains_minmay,
          uniq_natasha, uniq_jessica, uniq_robin
D:3:      layout_basic, bloody_makhleb, okawaru_altar_gauntlet_db, first_ration,
          uniq_ijyb
D:4:      layout_layer_cave, marbit_many_paths
D:5:      layout_basic, old_standard_altar, minmay_temple_entry_ruins,
          nicolae_ossuary_entry_ruins, serial_shops, nicolae_shop_trees,
          glass_columns_a, kennysheep_generic_room_9
D:6:      layout_loops_ring, kennysheep_little_box, serial_shops,
          nicolae_shop_trees, uniq_grinder
D:7:      layout_loops_ring, vehumet_altar_wand_db, basic_altar
D:8:      layout_basic, lemuel_another_geyser, uniq_erica
D:9:      layout_stronghold
D:10:     layout_long_grid
D:11:     layout_basic, grunt_lair_entry_orc_guard_hut, david_orc_4,
          hangedman_fish_farm
Lair:1:   layout_concentric_octagons, portal_ice_cave_entry_pillars_2,
          serial_bayou_pond_e, minivault_23
Lair:2:   layout_long_grid, minmay_swamp_entry_eels, minmay_shattered_shrine,
          grunt_megastairs_5, lemuel_fruit_fields, minmay_lair_oklob_chamber
Lair:3:   layout_small_grid
Lair:4:   layout_misc_corridors, dummy_snake_entry, fungi_pond_lemuel
Lair:5:   layout_gridlike, grunt_megastairs_3, infiniplex_staircase_pool_2,
          uniq_nessos, uniq_josephine
Swamp:1:  layout_basic_swamp, evilmike_swamp_ruin_house_4, st_swamp_ruins_1
Snake:1:  layout_basic, basic_altar, serial_shops,
          nicolae_shop_temple_entry_statues_fountains, shop,
          nicolae_shop_overgrown_old_shop, nicolae_shop_waterfront, shop,
          grunt_ministairs_12, statue_in_the_mist_lemuel, drop_trap

Skill      XL: |  1  2  3  4  5  6  7  8  9 10 11 12 13 |
---------------+----------------------------------------+-----
Slings         | 4 5 6 7 8 9 |  9.9
Fighting       | 2 3 4 5 6 7 8 |  8.2
Dodging        | 2 3 4 5 6 7 |  7.1
Spellcasting   | 1 2 3 4 5 |  5.8
Axes           | 1 3 5 6 7 8 9 |  9.7
Armour         | 1 2 3 |  3.2
Stealth        | 1 2 |  2.0
Hexes          | 1 2 |  2.0
Evocations     | 1 2 3 4 |  4.0
Shields        | 1 2 4 |  4.6
Charms         | 2 |  2.0
Summonings     | 1 3 4 |  4.8
Necromancy     | 2 3 4 |  4.0
Translocations | 1 2 |  2.1
Air Magic      | 2 4 |  4.0
Ice Magic      | 1 |  1.9
Long Blades    | |  0.5

Action                   |  1- 3 |  4- 6 |  7- 9 | 10-12 | 13-15 || total
-------------------------+-------+-------+-------+-------+-------++-------
Melee: War axe           |       |    41 |   324 |   692 |    64 ||  1121
       Scimitar          |       |       |       |    12 |    12 ||    24
 Fire: Hunting sling     |    97 |   179 |     3 |   154 |     6 ||   439
 Cast: Confusing Touch   |       |       |       |     1 |       ||     1
       Shroud of Golubri |       |       |       |     1 |       ||     1
  Use: Scroll            |       |    14 |    10 |    11 |       ||    35
       Potion            |       |       |       |     5 |     4 ||     9
 Stab: Sleeping          |       |     2 |     6 |     4 |       ||    12
       Distracted        |       |       |     1 |     2 |       ||     3
       Confused          |       |       |       |     1 |       ||     1
  Eat: Chunk             |     1 |     8 |    12 |    24 |     3 ||    48
       Ration            |       |       |       |     4 |     1 ||     5
Armor: Leather armour    |     6 |    34 |   136 |   210 |    29 ||   415
Dodge: Dodged            |    12 |    82 |   211 |   480 |    61 ||   846
Block: Buckler           |       |       |    18 |   206 |    22 ||   246
       Rpst.: Scimitar   |       |       |       |     3 |     3 ||     6

Table legend:
 A = Non-vault XP
 B = Vault XP
 C = Vault XP percentage of total XP
 D = Non-vault monster count
 E = Vault monster count
 F = Vault count percentage of total count
                 A         B        C        D         E       F
            +---------+---------+-------+---------+---------+-------
      Total |   40884 |   10125 |  19.8 |     330 |     109 |  24.8
            +---------+---------+-------+---------+---------+-------
        D:1 |      18 |       0 |   0.0 |      10 |       0 |   0.0
        D:2 |     108 |     100 |  48.1 |      20 |       9 |  31.0
        D:3 |      89 |      61 |  40.7 |      17 |       6 |  26.1
        D:4 |     126 |      56 |  30.8 |       3 |       2 |  40.0
        D:5 |    1031 |      42 |   3.9 |      31 |       1 |   3.1
        D:6 |    1316 |     281 |  17.6 |      33 |       1 |   2.9
        D:7 |    1185 |       2 |   0.2 |      35 |       1 |   2.8
        D:8 |     803 |     960 |  54.5 |      13 |       1 |   7.1
        D:9 |    2071 |       0 |   0.0 |      17 |       0 |   0.0
       D:10 |    1137 |       0 |   0.0 |      12 |       0 |   0.0
       D:11 |    3162 |    1611 |  33.8 |      45 |      23 |  33.8
     Lair:1 |    3615 |       0 |   0.0 |      22 |       0 |   0.0
     Lair:2 |    9358 |    4802 |  33.9 |      29 |      16 |  35.6
     Lair:3 |   11381 |       0 |   0.0 |      26 |       0 |   0.0
     Lair:4 |    5484 |    1939 |  26.1 |      17 |      10 |  37.0
    Ossuary |       0 |     270 | 100.0 |       0 |      38 | 100.0
      IceCv |       0 |       1 | 100.0 |       0 |       1 | 100.0
            +---------+---------+-------+---------+---------+-------
